 Dungeon Crawl Stone Soup version 0.30.0-10-gfe55d96785 (webtiles) character file.

Game seed: 18194995968985368460

6091 sasquatch the Frost Mage (level 10, -1/69 HPs)
             Began as a Yellow Draconian Ice Elementalist on May 14, 2023.
             Was a Follower of Sif Muna.
             Slain by a hell beast (18 damage)
             ... in a Gauntlet.
             The game lasted 00:30:15 (10636 turns).

sasquatch the Frost Mage (DrIE)                    Turns: 10636, Time: 00:30:16

Health: -1/69      AC: 23    Str: 11    XL:     10   Next: 58%
Magic:  3/19       EV: 12    Int: 25    God:    Sif Muna [*.....]
Gold:   461        SH:  0    Dex: 11    Spells: 3/21 levels left

rFire   . . .        J - +11 sling of Governance {speed, rElec Int+5}
rCold   + . .        (no shield)
rNeg    . . .        (body armour unavailable)
rPois   .            K - +2 hat
rElec   +            s - +1 cloak {rCorr}
rCorr   +            M - +0 pair of gloves
SInv    .            d - +0 pair of boots
Will    .....        p - amulet of regeneration
Stlth   ++           f - ring of ice
HPRegen 1.11/turn    c - ring of protection from fire
MPRegen 0.16/turn

%: no teleportation
@: ice-armoured, freezing walls
A: spit acid, AC +7, unfitting armour, cold-blooded, acid resistance
a: Breathe Acid, Renounce Religion, Channel Magic


You were in a Gauntlet.
You worshipped Sif Muna.
Sif Muna was aware of your devotion.
You visited 3 branches of the dungeon, and saw 10 of its levels.
You also visited: Gauntlet.

You collected 461 gold pieces.

Inventory:

Hand Weapons
 o - a +1 dagger of draining
 z - a +0 vampiric spear
 F - a +1 dagger of venom
 H - a +3 mace
 J - the +11 sling of Governance (weapon) {speed, rElec Int+5}
   (You took it off an orc on level 4 of the Dungeon)

   Int:       It affects your intelligence (+5).
   rElec:     It insulates you from electricity.
Missiles
 C - 25 poisoned darts
Armour
 d - a +0 pair of boots (worn)
 s - a +1 cloak of preservation (worn)
 K - a +2 hat (worn)
 M - a +0 pair of gloves (worn)
Magical Staves
 v - a staff of earth
Jewellery
 c - a ring of protection from fire (right hand)
 f - a ring of ice (left hand)
 k - an amulet of the acrobat
 p - an amulet of regeneration (around neck)
 t - a ring of protection from fire
Wands
 r - a wand of light (12)
 y - a wand of roots (20)
Scrolls
 h - 2 scrolls of enchant armour {unknown}
 i - 5 scrolls of fog
 l - 3 scrolls of teleportation
 m - 2 scrolls of poison {unknown}
 n - 3 scrolls of immolation
 q - a scroll of magic mapping
 w - 3 scrolls of silence
 B - 3 scrolls of fear {unknown}
 G - 2 scrolls of enchant weapon {unknown}
Potions
 a - a potion of magic
 b - a potion of brilliance {unknown}
 e - a potion of attraction {unknown}
 g - 2 potions of resistance {unknown}
 j - 3 potions of curing
 u - 2 potions of haste {unknown}
 x - a potion of cancellation {unknown}
 D - a potion of mutation
 E - a potion of berserk rage {unknown}
 I - 2 potions of heal wounds {unknown}
 L - a potion of degeneration {unknown}
 N - a potion of flight {unknown}


   Skills:
 - Level 1.7 Dodging
 - Level 1.7 Stealth
 - Level 6.0 Spellcasting
 + Level 8.0 Conjurations
 + Level 5.9 Summonings
 + Level 5.9 Transmutations
 - Level 10.0 Ice Magic


You had 3 spell levels left.
You knew the following spells:

 Your Spells              Type           Power      Damage    Failure   Level
a - Freeze                Ice            100%       1d10      1%          1
b - Frozen Ramparts       Ice            100%       1d16      1%          3
c - Ozocubu's Armour      Ice            72%        N/A       1%          3
d - Hailstorm             Conj/Ice       68%        3d14      1%          3
e - Summon Ice Beast      Ice/Summ       63%        N/A       2%          4
f - Ice Form              Ice/Tmut       63%        N/A       2%          4

Your spell library contained the following spells:

 Spells                   Type           Power      Damage    Failure   Level
 Magic Dart               Conj           100%       1d8       1%          1
 Call Imp                 Summ           74%        N/A       1%          2
 Summon Guardian Golem    Hex/Summ       22%        N/A       7%          3
 Slow                     Hex            28%        N/A       8%          1
 Mephitic Cloud           Conj/Pois/Air  20%        N/A       8%          3
 Confusing Touch          Hex            7%         N/A       22%         3
 Inner Flame              Hex/Fire       7%         N/A       22%         3
 Portal Projectile        Hex/Tloc       14%        N/A       22%         3
 Tukima's Dance           Hex            7%         N/A       22%         3
 Vampiric Draining        Necr           7%         2d6       22%         3
 Blade Hands              Tmut           18%        N/A       19%         5
 Yara's Violent Unravell  Hex/Tmut       11%        3d6       52%         5
 Simulacrum               Ice/Necr       24%        N/A       82%         6
 Orb of Destruction       Conj           23%        9d8       93%         7
 Spellforged Servitor     Conj/Summ      21%        N/A       98%         7
 Enfeeble                 Hex            3%         N/A       100%        7


Dungeon Overview and Level Annotations

Branches:
Dungeon (8/15)             Temple (1/1) D:5            Lair (1/5) D:8
Gauntlet (1/1)

Altars:
Ashenzari
Cheibriados
Dithmenos
Elyvilon
Fedhas
Gozag
Hepliaklqana
Kikubaaqudgha
Makhleb
Nemelex Xobeh
Qazlal
Ru
Sif Muna
Trog
Uskayaw
Wu Jian
Xom
Yredelemnul
Zin
The Shining One

Shops:
D:3 =   D:4 :

Annotations:
Gauntlet 13 transporters, 21 runed translucent doors, exclusion: 2 lightning spires


Innate Abilities, Weirdness & Mutations

You can spit globs of acid.
Your golden yellow scales are hard. (AC +7)
You cannot fit into any form of body armour.
You are cold-blooded and may be slowed by cold attacks.
You are resistant to acid. (rCorr)


Message History

Confirm with . or Enter, or press ? or * to list all spells.
Okay, then.
Unknown command.
Fire: J) +11 sling of Governance {speed, rElec Int+5}
Press: ? - help, Q - select action, (/) - cycle Shift-Dir - straight line, f - hell beast
Aim: a hell beast (moderately wounded, ally target, 54% to hit)
You shoot a sling bullet.
The sling bullet barely misses the hell beast.
The wall freezes the hell beast!
The hell beast closely misses you. The hell beast tramples you!
* * * LOW HITPOINT WARNING * * *
You hold your ground!
Your ice beast hits the hell beast but does no damage.
Casting: Ozocubu's Armour (safe; 1% risk of failure)
Confirm with . or Enter, or press ? or * to list all spells.
Aiming: Freeze (safe; 1% risk of failure)
Press: ? - help, Shift-Dir - straight line, f/p - hell beast
Aim: a hell beast (heavily wounded, ally target)
You feel a surge of power!
You freeze the hell beast.
The hell beast is heavily wounded.
The wall freezes the hell beast!
The hell beast bites you.
* * * LOW HITPOINT WARNING * * *
The hell beast completely misses you.
Your ice beast hits the hell beast but does no damage.
The wall freezes the hell beast.
The hell beast bites you.
* * * LOW HITPOINT WARNING * * *
The hell beast tramples you.
* * * LOW HITPOINT WARNING * * *
You hold your ground!
You feel better.
The wall freezes the hell beast!
The hell beast bites you but does no damage.
The hell beast tramples you!
* * * LOW HITPOINT WARNING * * *
You hold your ground!
Your ice beast closely misses the hell beast.
Unknown command.
You feel better.
The wall freezes the hell beast but does no damage.
The hell beast bites you!!
You die...

.....#.#........#####
######.#######.....≈###
©...........©#......#8#
##################..###
©[!..#≈#..=!©.)..#..#
...#.#≈#..##.##..#..###
..##.#≈#.##...##.#..#8#
###..#≈#.#.....#Y#..###
©....#8#....©..2@#..#
.##..#§#.#....†#.#..###
..##.#≈#.##...##.#..#8#
...#.#≈#..##.##..#..###
....*#≈#.........#..#
##################..###
©...........©#......#8#
######.#######.....§###
.....#.#........#####


You could see a hell beast (ally target) and a friendly ice beast (summoned).

Vanquished Creatures
  A death yak (D:8)
  3 kobold demonologists (D:7)
  Grinder (D:4)
  A queen bee (Gauntlet)
  3 blink frogs (Lair:1)
  The ghost of kmckee the Chopper, an amateur MiFi (D:4)
  A hell hound (Gauntlet)
  2 water moccasins (D:7)
  A sky beast (D:7)
  3 black bears
  An ice beast (D:6)
  2 ogres
  A centaur (D:7)
  2 phantoms
  2 bullfrogs
  4 scorpions
  5 wights
  3 killer bees (Gauntlet)
  A nameless horror (D:6)
  4 jellies
  3 orc priests
  A sleepcap (D:4)
  3 iguanas
  An orc wizard (D:6)
  9 adders
  7 gnolls
  2 white imps (D:5)
  2 ufetubi
  2 worms (D:2)
  2 dart slugs
  33 orcs
  4 ball pythons
  8 endoplasms
  6 giant cockroaches
  4 goblins (D:1)
  6 hobgoblins
  6 jackals
  4 quokkas
  4 bats
  A frilled lizard (D:1)
  13 kobolds
  9 rats
172 creatures vanquished.

Vanquished Creatures (collateral kills)
  A death yak (D:8)
  A blink frog (Lair:1)
  An ice beast (D:6)
  A kobold brigand (D:8)
  2 wights (D:7)
  A kobold (D:8)
7 creatures vanquished.

Grand Total: 179 creatures vanquished

Notes
Turn   | Place    | Note
-------+----------+-------------------------------------------
     0 | D:1      | sasquatch the Draconian Ice Elementalist began the quest
                  | for the Orb.
     0 | D:1      | Reached XP level 1. HP: 14/14 MP: 3/3
   370 | D:1      | Reached XP level 2. HP: 20/20 MP: 3/5
  1179 | D:2      | Reached XP level 3. HP: 26/26 MP: 4/6
  1307 | D:2      | Learned a level 3 spell: Frozen Ramparts
  1311 | D:2      | Learned a level 3 spell: Ozocubu's Armour
  1671 | D:2      | Reached skill level 5 in Ice Magic
  1820 | D:2      | Reached XP level 4. HP: 33/33 MP: 6/8
  2647 | D:3      | Found a faded altar of an unknown god.
  2889 | D:3      | Found Ceschu's Jewellery Boutique.
  3213 | D:4      | Noticed an ogre
  3300 | D:4      | Noticed a phantom
  3385 | D:4      | Reached XP level 5. HP: 16/38 MP: 0/9
  3438 | D:4      | Found Mathople's Book Shoppe.
  3479 | D:4      | Killed an ogre
  3480 | D:4      | Reached skill level 6 in Ice Magic
  3527 | D:4      | Killed a phantom
  3528 | D:4      | Reached XP level 6. HP: 39/45 MP: 2/11
  3705 | D:4      | Learned a level 4 spell: Summon Ice Beast
  3725 | D:4      | Noticed Grinder
  3725 | D:4      | Paralysed by Grinder for 2 turns
  3755 | D:4      | Paralysed by Grinder for 2 turns
  3761 | D:4      | Killed Grinder
  3762 | D:4      | Reached skill level 7 in Ice Magic
  3762 | D:4      | Your scales start taking on a golden yellow colour.
  3762 | D:4      | Reached XP level 7. HP: 27/50 MP: 2/13
  3762 | D:4      | Gained mutation: You are resistant to acid. (rCorr) [Yellow
                  | Draconian growth]
  4568 | D:4      | Found a runed translucent gate.
  4569 | D:4      | Found a runed translucent gate.
  4569 | D:4      | Identified the +11 sling of Governance {speed, rElec Int+5}
  4569 | D:4      | Noticed kmckee's ghost (amateur MiFi)
  4570 | D:4      | Found a runed translucent gate.
  4663 | D:5      | Entered Level 5 of the Dungeon
  4668 | D:5      | Reached skill level 8 in Ice Magic
  4739 | D:5      | Reached skill level 5 in Spellcasting
  4799 | D:5      | Found a white marble altar of Elyvilon.
  4817 | D:5      | Reached XP level 8. HP: 57/57 MP: 6/15
  4958 | D:5      | Reached skill level 9 in Ice Magic
  5280 | D:5      | Found a staircase to the Ecumenical Temple.
  5289 | Temple   | Entered the Ecumenical Temple
  5289 | Temple   | Found a transporter.
  5289 | Temple   | Found a transporter.
  5291 | Temple   | Found a transporter.
  5291 | Temple   | Found a transporter.
  5315 | Temple   | Became a worshipper of Sif Muna the Loreminder
  5474 | D:5      | Identified the +1 pair of gloves "Caeluukh" {*Corrode rElec
                  | Str+4 SInv}
  5809 | D:6      | Reached skill level 1 in Summonings
  6229 | D:6      | Learned a level 3 spell: Hailstorm
  6234 | D:6      | Learned a level 4 spell: Ice Form
  7294 | D:7      | Reached * piety under Sif Muna
  7444 | D:7      | Reached skill level 10 in Ice Magic
  7536 | D:7      | Reached XP level 9. HP: 57/61 MP: 10/18
  7628 | D:7      | Reached skill level 1 in Conjurations
  7628 | D:7      | Reached skill level 1 in Transmutations
  7682 | D:7      | Noticed a kobold demonologist
  7687 | D:7      | Noticed a red devil
  7689 | D:7      | Killed a kobold demonologist
  7701 | D:7      | Noticed a kobold demonologist
  7717 | D:7      | Killed a kobold demonologist
  7727 | D:7      | Noticed a kobold demonologist
  7738 | D:7      | Noticed a hellwing
  7738 | D:7      | Killed a kobold demonologist
  8009 | D:7      | Reached skill level 5 in Conjurations
  8601 | D:4      | Killed kmckee's ghost
  8836 | D:8      | Noticed a death yak
  8836 | D:8      | Noticed a death yak
  8836 | D:8      | Found a staircase to the Lair.
  9202 | D:8      | Noticed a death yak
  9202 | D:8      | Noticed a death yak
  9222 | D:8      | Killed a death yak
  9223 | D:8      | Reached XP level 10. HP: 63/69 MP: 3/19
  9343 | D:8      | Noticed a death yak
  9347 | D:8      | Noticed a death yak
  9350 | D:8      | Killed a death yak
  9351 | D:8      | Reached skill level 5 in Summonings
  9351 | D:8      | Reached skill level 5 in Transmutations
  9469 | D:8      | Identified the +4 quarterstaff "Umnin" {drain, Str+2}
 10018 | Lair:1   | Entered Level 1 of the Lair of Beasts
 10088 | Lair:1   | Found a gate leading to a gauntlet.
 10100 | Gauntlet | Entered a Gauntlet
 10100 | Gauntlet | Found a transporter.
 10100 | Gauntlet | Found a transporter.
 10143 | Gauntlet | Found a transporter.
 10158 | Gauntlet | Found a transporter.
 10161 | Gauntlet | Noticed a wretched star
 10164 | Gauntlet | Noticed a hell beast
 10173 | Gauntlet | Found a transporter.
 10186 | Gauntlet | Found a transporter.
 10188 | Gauntlet | Found a large runed translucent door.
 10188 | Gauntlet | Found a large runed translucent door.
 10189 | Gauntlet | Found a large runed translucent door.
 10189 | Gauntlet | Found a large runed translucent door.
 10190 | Gauntlet | Found a large runed translucent door.
 10190 | Gauntlet | Found a large runed translucent door.
 10190 | Gauntlet | Found a runed translucent door.
 10190 | Gauntlet | Found a runed translucent door.
 10190 | Gauntlet | Found a large runed translucent door.
 10191 | Gauntlet | Found a large runed translucent door.
 10198 | Gauntlet | Found a large runed translucent door.
 10198 | Gauntlet | Found a large runed translucent door.
 10199 | Gauntlet | Found a large runed translucent door.
 10199 | Gauntlet | Found a large runed translucent door.
 10200 | Gauntlet | Found a large runed translucent door.
 10200 | Gauntlet | Found a large runed translucent door.
 10269 | Gauntlet | Found a transporter.
 10278 | Gauntlet | Found a transporter.
 10286 | Gauntlet | Noticed a great orb of eyes
 10292 | Gauntlet | Found a transporter.
 10292 | Gauntlet | Noticed a green ugly thing
 10305 | Gauntlet | Found a transporter.
 10309 | Gauntlet | Noticed a green death
 10313 | Gauntlet | Noticed an orange demon
 10324 | Gauntlet | Found a transporter.
 10401 | Gauntlet | Found a transporter.
 10401 | Gauntlet | Found a transporter.
 10411 | Gauntlet | Found a transporter.
 10416 | Gauntlet | Found a transporter.
 10417 | Gauntlet | Found a large runed translucent door.
 10418 | Gauntlet | Found a large runed translucent door.
 10420 | Gauntlet | Found a runed translucent gate.
 10421 | Gauntlet | Found a transporter.
 10421 | Gauntlet | Found a runed translucent gate.
 10422 | Gauntlet | Found a runed translucent gate.
 10636 | Gauntlet | Slain by a hell beast

Illustrated notes

Levels and vault maps discovered:
D:1:      dpeg_arrival_radiant, layout_loops_cross, nicolae_figureground_pulse
D:2:      layout_basic
D:3:      layout_basic, hellmonk_ecumenical_altar_inner_sanctum, serial_shops,
          shop
D:4:      layout_basic, biasface_ghost_orc_armoury, serial_shops, shop,
          uniq_grinder
D:5:      layout_basic, elyvilon_altar_5, minmay_temple_entry_statues_fountains
D:6:      layout_gridville
D:7:      hellmonk_destroyed_diamonds, layout_loops_ring,
          hangedman_abyss_or_decor_stagger
D:8:      layout_gridville, dpeg_lair_monsters
Temple:   hellmonk_temple_divided_pantheon
Lair:1:   layout_loops_ring, gauntlet_entry_generic
Gauntlet: gammafunk_gauntlet_branching [gammafunk_gauntlet_arena_mazey,
          nicolae_gauntlet_arena_grate_2,
          gammafunk_gauntlet_arena_split_diamond,
          gammafunk_gauntlet_arena_split_x, nicolae_gauntlet_arena_t_cross,
          nicolae_gauntlet_arena_flowing_pool,
          minmay_gauntlet_arena_make_your_own_arena,
          gammafunk_gauntlet_arena_corners, gauntlet_exit_green]

Skill      XL: |  1  2  3  4  5  6  7  8  9 10 |
---------------+-------------------------------+-----
Ice Magic      | 5 6 7 8 10 | 10.0
Spellcasting   | 3 4 5 6 |  6.0
Summonings     | 4 5 |  5.9
Conjurations   | 7 8 |  8.0
Transmutations | 4 5 |  5.9
Dodging        | |  1.7
Stealth        | |  1.7

Action                     |  1- 3 |  4- 6 |  7- 9 | 10-12 || total
---------------------------+-------+-------+-------+-------++-------
  Melee: Whip              |     7 |       |       |       ||     7
         Dagger            |       |    60 |   101 |       ||   161
         Tailslap          |       |     5 |    19 |       ||    24
         Punch             |       |     1 |     2 |       ||     3
         Unarmed           |       |       |       |     2 ||     2
   Fire: Sling             |       |       |     4 |    15 ||    19
   Cast: Freeze            |    48 |    31 |    60 |     5 ||   144
         Frozen Ramparts   |     3 |    12 |    46 |     6 ||    67
         Ozocubu's Armour  |       |     4 |    27 |     5 ||    36
         Summon Ice Beast  |       |     1 |     9 |     5 ||    15
         Hailstorm         |       |       |     5 |     1 ||     6
         Ice Form          |       |       |       |     1 ||     1
Ability: Breathe Acid      |       |       |     9 |       ||     9
  Evoke: Wand              |       |     2 |       |       ||     2
    Use: Scroll            |       |       |       |     7 ||     7
         Potion            |       |       |       |     2 ||     2
   Stab: Sleeping          |       |     3 |       |       ||     3
         Invisible         |       |     1 |       |       ||     1
         Distracted        |       |       |     1 |       ||     1
 Armour: Skin              |    12 |    34 |    64 |    21 ||   131
  Dodge: Dodged            |    25 |    33 |    94 |    23 ||   175
